Map: Neon Violet Square LE

Players

Braveheart (F91) - Winner!

  • Race: Zerg Zerg
  • League: Master
  • Spawn Location: 5:00

Gentleprobe (Cyan)

  • Race: Protoss Protoss
  • League: Master
  • Spawn Location: 11:00

Event: 2018 Hangzhou StarCraft Carnival

VOD

Have the link to the VOD?

Description

Time

  • Played on: April 28, 2018, 11:34 p.m.
  • Length: 3:47

All games in this series

Show
View Real Time Build Order
Export as new Build Order

Braveheart Zerg - Winner!

Build Orders: Hatch First 

Get SALT Encoding   

  12  0:01  Drone  
  13  0:08  Drone  
  14  0:41  Drone, Hatchery  
  14  0:50  Extractor  
  14  0:51  Drone  
  14  1:04  Spawning Pool  
  14  1:06  Drone  
  14  1:14  Overlord  
  14  1:35  Drone  
  14  1:39  Drone  
  16  1:52  Metabolic Boost  
  16  1:56  Queen  
  16  1:59  Zergling x2  
  19  2:04  Zergling x2  
  20  2:11  Overlord  
  20  2:17  Zergling x4  
  20  2:21  Zergling x2  
  23  2:25  Zergling x2  
  23  2:29  Zergling x4  
  26  2:45  Zergling x6  
  26  2:51  Spore Crawler  
  27  2:56  Zergling x4  
  28  3:02  Zergling x2  
  28  3:04  Zergling x2  
  31  3:10  Zergling x6  
  33  3:28  Zergling x6  
Show
View Real Time Build Order
Export as new Build Order

Gentleprobe Protoss 

Build Orders:  

Get SALT Encoding   

  12  0:00  Probe  
  13  0:12  Probe  
  14  0:20  Pylon  
  14  0:24  Probe  
  15  0:35  Probe  
  15  0:42  Gateway  
  16  0:43  Probe  
  16  0:48  Assimilator  
  17  0:53  Probe  
  18  1:05  Probe  
  19  1:17  Probe  
  20  1:29  Pylon, Cybernetics Core  
  20  1:32  Probe  
  21  1:49  Nexus  
  21  1:52  Probe  
  22  1:58  Adept  
  22  2:01  Assimilator  
  22  2:04  Probe  
  25  2:16  Probe  
  25  2:17  Stalker  
  26  2:29  Probe  
  29  2:37  Pylon  
  29  2:41  Probe  
  30  2:48  Stargate  
  30  2:53  Probe  
  30  2:55  Adept  
  31  3:05  Probe  
  33  3:13  Sentry  
  33  3:14  Gateway  
  33  3:18  Pylon  
Tags
 
Add a new tag
Caveats
  • Supply blocks, unpowered buildings, or Contaminate may cause inaccurate times.
  • Supply counts are checked every 10 seconds.